 Dungeon Crawl Stone Soup version 0.13-a0-2606-g170388b (webtiles) character file.

17429 Bastard the Grappler (level 12, -14/117 HPs)
             Began as a Troll Fighter on Aug 4, 2013.
             Was the Champion of Cheibriados.
             Demolished by a death yak (24 damage)
             ... on Level 3 of the Lair of Beasts.
             The game lasted 00:27:27 (8284 turns).

Bastard the Grappler (Troll Fighter)                Turns: 8284, Time: 00:27:27

HP -14/117       AC 11     Str 46      XL: 12   Next: 16%
MP   9/13        EV 21     Int 22      God: Cheibriados [******]
Gold 237         SH  0     Dex 28      Spells:  0 memorised, 11 levels left

Res.Fire  : . . .   See Invis. : .     - Unarmed
Res.Cold  : + . .   Warding    : .   C - +2 robe {rC+}
Life Prot.: . . .   Conserve   : .   (shield restricted)
Res.Poison: .       Res.Corr.  : .   M - +2 wizard hat {Int+3}
Res.Elec. : .       Clarity    : .   x - +1 cloak
Sust.Abil.: . .     Spirit.Shd : .   (gloves unavailable)
Res.Mut.  : .       Stasis     : .   (boots unavailable)
Res.Rott. : .       Flight     : .   n - amulet of faith
Gourmand  : +                        w - ring of magical power
                                     D - +4 ring of strength

@: very slow, somewhat resistant to hostile enchantments, stealthy
A: unfitting armour, claws 3, fast metabolism 3, gourmand, regeneration 2,
saprovore 2, tough skin 2, AC +1
a: Bend Time, Temporal Distortion, Slouch, Step From Time, Renounce Religion


You were on level 3 of the Lair of Beasts.
You worshipped Cheibriados.
Cheibriados was exalted by your worship.
You were full.

You visited 2 branches of the dungeon, and saw 13 of its levels.

You collected 533 gold pieces.
You spent 316 gold pieces at shops.

Inventory:

Hand weapons
 O - the +4,+6 dagger of Nemelex Xobeh's Wrath {speed, rElec Str+1 Int-5, unknown}
   (You found it on level 2 of the Lair of Beasts)

   Attacks with this weapon take half as long, but cause slightly less damage.
   It affects your strength (+1).
   It affects your intelligence (-5).
   It insulates you from electricity.
   Cheibriados disapproves of the use of such an item.
Missiles
 k - 6 large rocks (quivered)
 u - a throwing net
Armour
 c - a +0 shield
 s - a +0 large shield
 x - a +1 cloak (worn)
 C - a +2 robe of cold resistance (worn)
 M - a +2 wizard hat of intelligence (worn)
Magical devices
 j - a wand of flame (17) {unknown}
 t - a wand of fire (10)
 A - a wand of paralysis (6)
 H - a wand of magic darts (16)
 N - a wand of paralysis (4)
Comestibles
 a - 7 meat rations
 i - a choko
 l - a cheese
 m - 3 beef jerkies
 p - 3 bread rations
 E - 7 apricots
 F - 14 bananas
 G - 4 lemons
Scrolls
 b - 2 scrolls of amnesia
 d - 4 scrolls of identify
 g - a scroll of curse weapon {unknown}
 B - 2 scrolls of teleportation
 L - 3 scrolls of remove curse
Jewellery
 f - an uncursed amulet of conservation
 n - an amulet of faith (around neck)
 v - an uncursed amulet of guardian spirit {unknown}
 w - a ring of magical power (right claw)
 z - an uncursed ring of fire
 D - a +4 ring of strength (left claw)
 I - an uncursed ring of regeneration
 J - a +1 ring of intelligence
Potions
 e - a potion of curing
 h - a potion of brilliance
 o - 2 potions of restore abilities
 r - 2 potions of poison
 K - a potion of speed


   Skills:
 + Level 7.9 Fighting
 - Level 10.0 Dodging
   Level 2.4 Shields
 - Level 13.6 Unarmed Combat


You had 11 spell levels left.
You didn't know any spells.

Dungeon Overview and Level Annotations

Branches:
Dungeon (10/27)            Temple (0/1) D:7             Orc (0/4) D:7
   Lair (3/8) D:8
  Swamp: Lair:3-6    Shoals: Lair:3-6     Snake: Lair:3-6    Spider: Lair:3-6

Altars:
Cheibriados
Elyvilon
Makhleb
Nemelex Xobeh
Okawaru
Vehumet
Xom
the Shining One
Beogh

Shops:
D:8: }!?*/ D:9: *

Annotations
Lair:1 exclusion: downstairs


Innate Abilities, Weirdness & Mutations

You are too large for most types of armour.
You have claws for hands.
Your metabolism is lightning-fast.
You like to eat raw meat.
You heal very quickly.
You can eat rotten meat.
You are covered in fur (AC +1).
You have very tough skin (AC +2).


Message History

Cheibriados appreciates the change of pace.
You claw the death yak!
The death yak begins to bleed from its wounds!
The death yak is heavily wounded.
The death yak barely misses you.
You hit the death yak but do no damage.
The death yak is heavily wounded.
You mangle the death yak!!
The death yak is severely wounded.
The death yak gores you!
* * * LOW HITPOINT WARNING * * *
Drink which item? (? for menu, Esc to quit)
Okay, then.
Read which item? (? for menu, Esc to quit)
As you read the scroll of fear, it crumbles to dust.
You assume a fearsome visage.
The crocodile looks frightened!
The death yak struggles to resist.
The death yak looks frightened!
The death yak looks frightened!
The death yak gores you!
You die...

#..##.#..#.#>. #.#.##..
#...#......... #.....<
###..#....#.#............
.......#....# ........
#..#).#....# ## ##P.#...
# ##.#...### ..# ## ...#
###f.##...##...# ....
................# .##..
#..#....@P##.### ..#f..
#..##.Y## # .... .
##.#....## ## .%#
#.[.#..Y.####.##.###.#
##.#.......%Y.........
.....#....##Y#.....##
##.f.##.#.###.#.....##.
..P. #.####.#......Y..
... ..........##Y.Y..


You could see 2 death yaks.

Vanquished Creatures
  Gastronok (Lair:1)
  3 death yaks (Lair:3)
  Urug (D:10)
  An unseen horror (D:10)
  Pikel (D:8)
  A hill giant (D:10)
  3 black mambas
  3 elephants (Lair:3)
  6 spiny frogs
  A deep dwarf artificer (D:10)
  A komodo dragon (Lair:2)
  11 yaks
  Eustachio (D:10)
  3 hippogriffs
  Edmund (D:4)
  5 wolves (Lair:2)
  3 orc warriors
  An ice beast (D:8)
  3 ogres
  A sky beast (D:5)
  A phantom (D:4)
  2 porcupines (Lair:2)
  3 centaurs
  2 crocodiles
  2 big kobolds (D:9)
  Sigmund (D:7)
  Duvessa (D:4)
  A giant slug (Lair:1)
  8 giant frogs
  Blork the orc (D:4)
  3 water moccasins
  An agate snail (Lair:1)
  10 killer bees
  A yak zombie (D:10)
  2 lava fish (Lair:1)
  A goliath beetle (D:8)
  Dowan (D:4)
  5 crimson imps
  3 lava snakes (Lair:2)
  9 orc priests
  3 hounds
  2 centaur zombies
  10 iguanas
  2 quasits (D:10)
  Crazy Yiuf (D:4)
  6 orc wizards
  3 scorpions
  3 worker ants
  A killer bee zombie (D:10)
  Ijyb (D:3)
  Jessica (D:2)
  8 sheep
  3 jellies
  A worker ant zombie (D:8)
  4 gnolls (D:9)
  17 adders
  8 green rats (Lair:2)
  A giant centipede (Lair:1)
  8 worms
  An ufetubus (D:10)
  A scorpion zombie (D:6)
  An iguana zombie (D:5)
  2 giant eyeballs
  5 giant geckos
  15 orcs
  A bat zombie (D:5)
  5 giant cockroaches
  17 goblins
  9 hobgoblins
  12 jackals
  6 quokkas
  17 bats
  5 giant newts
  A goblin skeleton (D:4)
  23 kobolds
  An orc skeleton (D:5)
  An orc zombie (D:8)
  24 rats
339 creatures vanquished.

Vanquished Creatures (others)
  2 killer bees (D:8)
  A centaur zombie (D:8)
  A rat (D:8)
4 creatures vanquished.

Grand Total: 343 creatures vanquished

Notes
Turn   | Place    | Note
--------------------------------------------------------------
     0 | D:1      | Bastard, the Troll Fighter, began the quest for the Orb.
     0 | D:1      | Reached XP level 1. HP: 23/23 MP: 0/0
   189 | D:1      | Reached XP level 2. HP: 31/31 MP: 0/0
   227 | D:1      | Reached skill level 3 in Unarmed Combat
   493 | D:2      | Reached XP level 3. HP: 31/37 MP: 1/1
   566 | D:2      | Noticed Jessica
   568 | D:2      | Killed Jessica
   568 | D:2      | Reached skill level 4 in Unarmed Combat
   635 | D:2      | Reached XP level 4. HP: 34/46 MP: 1/1
   867 | D:2      | Learned a level 3 spell: Flight
   899 | D:2      | Reached skill level 5 in Unarmed Combat
  1300 | D:3      | Found a snail-covered altar of Cheibriados.
  1326 | D:3      | Became a worshipper of Cheibriados the Contemplative
  1339 | D:3      | Noticed Ijyb
  1351 | D:3      | Killed Ijyb
  1351 | D:3      | Reached XP level 5. HP: 48/53 MP: 1/1
  1786 | D:4      | Noticed Blork the orc
  1798 | D:4      | Killed Blork the orc
  1798 | D:4      | Reached skill level 6 in Unarmed Combat
  1864 | D:4      | Reached XP level 6. HP: 59/61 MP: 2/2
  1874 | D:4      | Acquired Cheibriados' first power
  1892 | D:4      | Noticed a phantom
  1899 | D:4      | Killed a phantom
  1899 | D:4      | Reached skill level 7 in Unarmed Combat
  1980 | D:4      | Noticed Crazy Yiuf
  1989 | D:4      | Killed Crazy Yiuf
  2055 | D:4      | Found a glowing golden altar of the Shining One.
  2129 | D:4      | Noticed an ogre
  2147 | D:4      | Killed an ogre
  2147 | D:4      | Reached XP level 7. HP: 36/68 MP: 2/2
  2183 | D:4      | Noticed Edmund
  2193 | D:4      | Killed Edmund
  2193 | D:4      | Reached skill level 8 in Unarmed Combat
  2245 | D:4      | Found an iron altar of Okawaru.
  2297 | D:4      | Noticed Dowan
  2299 | D:4      | Noticed Duvessa
  2306 | D:4      | Killed Dowan
  2321 | D:4      | Killed Duvessa
  2422 | D:4      | Reached skill level 9 in Unarmed Combat
  2433 | D:5      | Entered Level 5 of the Dungeon
  2630 | D:5      | Paralysed by a giant eyeball for 3 turns
  2741 | D:5      | Reached XP level 8. HP: 67/76 MP: 2/2
  2780 | D:5      | Acquired Cheibriados' second power
  3390 | D:6      | Reached skill level 10 in Unarmed Combat
  3403 | D:6      | Acquired Cheibriados' third power
  3524 | D:6      | Found a radiant altar of Vehumet.
  3833 | D:7      | Reached skill level 11 in Unarmed Combat
  3841 | D:7      | Found a staircase to the Ecumenical Temple.
  4186 | D:7      | Noticed Sigmund
  4194 | D:7      | Killed Sigmund
  4207 | D:7      | Acquired Cheibriados' fourth power
  4276 | D:7      | Found a staircase to the Orcish Mines.
  4288 | D:7      | Found a roughly hewn altar of Beogh.
  4394 | D:7      | Reached XP level 9. HP: 72/83 MP: 3/3
  4414 | D:8      | Found a sparkling altar of Nemelex Xobeh.
  4471 | D:8      | Found Blegrab's Magical Wand Emporium.
  4498 | D:8      | Reached skill level 12 in Unarmed Combat
  4548 | D:8      | Noticed Pikel
  4555 | D:8      | Killed Pikel
  4614 | D:8      | Found Ghuigroo's Distillery.
  4621 | D:8      | Found Jeacuizo's Gadget Boutique.
  4624 | D:8      | Bought a potion of heal wounds for 33 gold pieces
  4624 | D:8      | Bought a potion of curing for 22 gold pieces
  4624 | D:8      | Bought a potion of restore abilities for 33 gold pieces
  4624 | D:8      | Bought a potion of invisibility for 60 gold pieces
  4732 | D:8      | Reached skill level 13 in Unarmed Combat
  4767 | D:8      | Found a staircase to the Lair.
  4799 | D:8      | Found Kleuwiuk's Magic Scroll Shop.
  4811 | D:8      | Bought a scroll of identify for 26 gold pieces
  4811 | D:8      | Bought a scroll of enchant armour for 71 gold pieces
  4811 | D:8      | Bought a scroll of enchant armour for 71 gold pieces
  4829 | D:8      | Found Gutu Liw's General Store.
  4863 | D:8      | Found a burning altar of Makhleb.
  4864 | D:8      | Found a white marble altar of Elyvilon.
  4889 | D:8      | Found a shimmering altar of Xom.
  5020 | D:9      | Found Frog's General Store.
  5109 | D:9      | Reached XP level 10. HP: 82/92 MP: 3/3
  5351 | D:10     | Entered Level 10 of the Dungeon
  5364 | D:10     | Noticed a hill giant
  5368 | D:10     | Killed a hill giant
  5445 | D:10     | Killed an unseen horror
  5445 | D:10     | Reached skill level 5 in Dodging
  5654 | D:10     | Noticed Eustachio
  5682 | D:10     | Killed Eustachio
  6064 | D:10     | Noticed Urug
  6081 | D:10     | Killed Urug
  6301 | Lair:1   | Entered Level 1 of the Lair of Beasts
  6356 | Lair:1   | Noticed a black mamba
  6365 | Lair:1   | Killed a black mamba
  6530 | Lair:1   | Noticed Gastronok
  6548 | Lair:1   | Killed Gastronok
  6548 | Lair:1   | Reached XP level 11. HP: 36/98 MP: 3/3
  7379 | Lair:2   | Got an ancient dagger
  7494 | Lair:2   | Reached skill level 10 in Dodging
  7761 | Lair:2   | Reached skill level 5 in Fighting
  8229 | Lair:3   | Reached XP level 12. HP: 110/115 MP: 4/4
  8249 | Lair:3   | Noticed a death yak
  8250 | Lair:3   | Noticed a death yak
  8250 | Lair:3   | Noticed a death yak
  8250 | Lair:3   | Noticed a death yak
  8251 | Lair:3   | Noticed a death yak
  8251 | Lair:3   | Noticed a death yak
  8258 | Lair:3   | Killed a death yak
  8266 | Lair:3   | Killed a death yak
  8272 | Lair:3   | HP: 3/117 [death yak (17)]
  8275 | Lair:3   | Killed a death yak
  8278 | Lair:3   | HP: 5/117 [death yak (7)]
  8284 | Lair:3   | Demolished by a death yak

Action                   |  1- 3 |  4- 6 |  7- 9 | 10-12 || total
-------------------------+-------+-------+-------+-------++-------
Melee: Unarmed           |    88 |   171 |   304 |   362 ||   925
Throw: Large rock        |       |     1 |     3 |       ||     4
Invok: Slouch            |       |       |       |     1 ||     1
Evoke: Wand              |       |       |     1 |     2 ||     3
  Use: Potion            |       |     1 |     5 |    13 ||    19
       Scroll            |       |       |    19 |     8 ||    27
 Stab: Sleeping          |       |       |     5 |     7 ||    12
       Distracted        |       |       |     2 |     3 ||     5
       Invisible         |       |       |       |     1 ||     1
       Paralysed         |       |       |       |     1 ||     1
